 Dungeon Crawl Stone Soup version 0.14-a0-1590-g25a9b7f (webtiles) character file.

565 PolkaDot the Jinx (level 6, -7/41 HPs)
             Began as a Vampire Enchanter on Dec 23, 2013.
             Shot with an arrow by a centaur (10 damage)
             ... on Level 5 of the Dungeon.
             The game lasted 00:16:08 (3493 turns).

PolkaDot the Jinx (Vampire Enchanter)               Turns: 3493, Time: 00:16:08

HP  -7/41        AC  7     Str  7      XL: 6   Next: 49%
MP   3/10        EV 13     Int 17      God:
Gold 178         SH  0     Dex 16      Spells:  2 memorised,  5 levels left

rFire  . . .     SeeInvis +     a - +2,+1 dagger
rCold  . . .     Clarity  .     n - +1 robe
rNeg   . . .     Conserve .     (no shield)
rPois  .         rCorr    .     (no helmet)
rElec  .         rRot     .     (no cloak)
SustAb . .       Spirit   .     g - +0 pair of gloves
rMut   .         Warding  .     j - +2 pair of boots
Saprov . . .     Stasis   .     (no amulet)
                                (no ring)
                                i - cursed ring of sustenance

@: regenerating very quickly, slightly resistant to hostile enchantments, very
stealthy
A: bottle blood, fangs 3, see invisible, unbreathing
a: Bottle Blood


You were on level 5 of the Dungeon.
You were almost alive.

You visited 1 branch of the dungeon, and saw 5 of its levels.

You collected 178 gold pieces.

Inventory:

Hand weapons
 a - a +2,+1 dagger (weapon)
 b - a +2,+0 elven cutlass
Missiles
 d - 6 darts (quivered)
Armour
 g - a +0 pair of gloves (worn)
 j - a +2 pair of boots (worn)
 n - a +1 robe (worn)
Magical devices
 r - a wand of lightning (8)
Scrolls
 e - a scroll of enchant weapon I
 f - 2 scrolls of identify
 o - a scroll of noise {unknown}
 p - a scroll of blinking {unknown}
Jewellery
 i - a cursed ring of sustenance (left hand)
Potions
 h - a potion of lignification
 k - a potion of flight {unknown}
 l - 2 potions of restore abilities
 q - 5 potions of blood {@w2}
Books
 c - a book of Maledictions

   Spells                             Type                      Level
   *Corona                            Hexes                        1
   Sure Blade                         Hexes/Charms                 2
   Ensorcelled Hibernation            Hexes/Ice                    2
   *Confuse                           Hexes                        3
   Enslavement                        Hexes                        4
   Invisibility                       Hexes                        6


   Skills:
 - Level 3.0 Short Blades
 - Level 0.7 Throwing
 - Level 2.1 Dodging
 + Level 6.7 Stealth
 - Level 2.0 Spellcasting
 * Level 8.1 Hexes


You had 5 spell levels left.
You knew the following spells:

 Your Spells              Type           Power        Failure   Level  Hunger
a - Corona                Hex            ####...      1%          1    #......
c - Confuse               Hex            ####....     1%          3    ####...


Dungeon Overview and Level Annotations

Branches:
Dungeon (5/16)
 Temple: D:4-7

Altars:
Okawaru
Xom
Zin

Annotations:
D:5 Edmund


Innate Abilities, Weirdness & Mutations

Your natural rate of healing is extremely fast.
You can bottle blood from corpses.
You have razor-sharp teeth.*
You have supernaturally acute eyesight.
You can survive without breathing.*


Message History

Edmund is almost dead.
Edmund closely misses you.
a - a +2,+1 dagger (weapon)
Edmund seems less confused.
Edmund barely misses you.
Casting: Confuse
Confirm with . or Enter, or press ? or * to list all spells.
You don't have enough magic to cast that spell.
Drink which item? (? for menu, Esc to quit)
Yummy - fresh blood!
Edmund says, "I'm quite good with sums, too."
Edmund hits you with a runed dire flail.
* * * LOW HITPOINT WARNING * * *
A centaur comes into view.
The centaur shouts!
The centaur wields a bow.
The centaur shoots an arrow.
The arrow misses you.
The centaur shoots an arrow.
The arrow hits you!
You see here 2 arrows.
The centaur shoots an arrow.
The arrow hits you!
You die...

... ### #.### #### #.. ...#
.<. #.# ##########.###.# ##
#.##### #......##......#
.###(....###)####.##..#####
..........##.#........#
#...##...#.#.#@##.###.#
.#..##..#.(#.#.(@.# #...
..#....#.....###..).....#
...#..#..[.### #..........
##..##..##... #.......####
##..##..##...# #.......#
...#..#......# #.......#
..#....#.....# #....... .#
. #. #...## #.c... #. .#
.#... #..


You could see Edmund and a centaur.

Vanquished Creatures
  The ghost of Fv001 the Ruinous, a weakling DrCj (D:3)
  An orc priest (D:3)
  3 orc wizards (D:3)
  A worker ant (D:3)
  Ijyb (D:3)
  4 gnolls (D:3)
  4 adders
  2 worms (D:5)
  A giant eyeball (D:3)
  4 giant geckos
  2 oozes
  14 orcs
  2 giant cockroaches (D:3)
  7 goblins
  10 hobgoblins
  3 kobolds (D:1)
  A quokka (D:4)
  A ball python (D:2)
  9 bats
  3 giant newts
  17 jackals
  8 rats
99 creatures vanquished.

Notes
Turn   | Place    | Note
--------------------------------------------------------------
     0 | D:1      | PolkaDot, the Vampire Enchanter, began the quest for the Orb.
     0 | D:1      | Reached XP level 1. HP: 13/13 MP: 3/3
   322 | D:1      | Reached XP level 2. HP: 13/19 MP: 4/4
   897 | D:1      | Reached XP level 3. HP: 16/24 MP: 6/6
  1562 | D:2      | Reached skill level 5 in Hexes
  1567 | D:2      | Learned a level 3 spell: Confuse
  1833 | D:3      | Reached XP level 4. HP: 16/30 MP: 3/7
  1838 | D:3      | Reached skill level 6 in Hexes
  1897 | D:3      | Noticed an angel
  1898 | D:3      | Found a glowing silver altar of Zin.
  1904 | D:3      | Found a shimmering altar of Xom.
  2014 | D:3      | Paralysed by a giant eyeball for 3 turns
  2024 | D:3      | Reached skill level 5 in Stealth
  2024 | D:3      | Reached XP level 5. HP: 35/35 MP: 5/9
  2058 | D:3      | Paralysed by a giant eyeball for 4 turns
  2297 | D:3      | Reached skill level 7 in Hexes
  2490 | D:3      | Noticed Ijyb
  2514 | D:3      | Killed Ijyb
  2603 | D:3      | Noticed Fv001's ghost (weakling DrCj)
  2621 | D:3      | Killed Fv001's ghost
  2621 | D:3      | Reached XP level 6. HP: 36/41 MP: 6/10
  2825 | D:3      | Reached skill level 8 in Hexes
  3273 | D:4      | Found an iron altar of Okawaru.
  3350 | D:5      | Entered Level 5 of the Dungeon
  3451 | D:5      | Noticed Edmund
  3472 | D:5      | HP: 1/41 [Edmund/runed dire flail (8)]
  3487 | D:5      | HP: 1/41 [Edmund/runed dire flail (4)]
  3493 | D:5      | Shot with an arrow by a centaur

Action                   |  1- 3 |  4- 6 || total
-------------------------+-------+-------++-------
Melee: Dagger            |   174 |   273 ||   447
       Short sword       |       |    13 ||    13
       Cutlass           |       |    16 ||    16
Throw: Dart              |    24 |       ||    24
 Cast: Corona            |    28 |     4 ||    32
       Confuse           |     1 |    14 ||    15
 Abil: Bottle Blood      |       |     9 ||     9
Evoke: Wand              |       |     1 ||     1
  Use: Potion            |     1 |     6 ||     7
       Scroll            |     4 |     5 ||     9
 Stab: Sleeping          |     4 |    11 ||    15
       Confused          |     2 |    10 ||    12
       Distracted        |       |     1 ||     1
